 Dungeon Crawl Stone Soup version 0.21-a0-404-g291f19a (webtiles) character file.

949 dricusgp the Thaumaturge (level 7, -8/36 HPs)
             Began as a Deep Elf Conjurer on Oct 31, 2017.
             Was an Initiate of Vehumet.
             Mangled by an orc warrior
             ... wielding a +0 war axe
              (20 damage)
             ... on level 6 of the Dungeon.
             The game lasted 00:09:58 (6194 turns).

dricusgp the Thaumaturge (Deep Elf Conjurer)        Turns: 6194, Time: 00:09:59

Health: -8/36      AC:  7    Str:  5    XL:     7   Next: 90%
Magic:  1/22       EV: 13    Int: 22    God:    Vehumet [......]
Gold:   30         SH:  0    Dex: 15    Spells: 16/26 levels left

rFire    . . .     SeeInvis .   a - +2 dagger (drain)
rCold    . . .     Gourm    .   (no shield)
rNeg     . . .     Faith    .   t - +0 robe
rPois    .         Spirit   .   z - +0 helmet (curse)
rElec    .         Reflect  .   v - +2 cloak
rCorr    .         Harm     .   (no gloves)
MR       .....                  i - +0 pair of boots (curse)
Stlth    ++........             (no amulet)
HPRegen  0.12/turn              (no ring)
MPRegen  0.18/turn              (no ring)

@: no status effects
A: no striking features
a: Renounce Religion


You were on level 6 of the Dungeon.
You worshipped Vehumet.
Vehumet was noncommittal.
You were not hungry.

You visited 1 branch of the dungeon, and saw 6 of its levels.

You collected 290 gold pieces.
You spent 260 gold pieces at shops.

Inventory:

Hand Weapons
 a - a +2 dagger of draining (weapon)
 b - a +0 hunting sling
 u - a +4 quarterstaff of chaos
Missiles
 l - 106 stones (quivered)
Armour
 i - a cursed +0 pair of boots (worn)
 t - a +0 robe (worn)
 v - a +2 cloak (worn)
 z - a cursed +0 helmet (worn)
Wands
 n - a wand of disintegration (12/24)
Scrolls
 k - 5 scrolls of remove curse
 m - a scroll of amnesia {unknown}
 o - a scroll of fear {unknown}
 p - 4 scrolls of teleportation
 w - a scroll of recharging {unknown}
 x - 2 scrolls of identify {@r9}
 y - a scroll of immolation {unknown}
Potions
 d - 2 potions of brilliance
 e - 3 potions of flight
 f - 2 potions of heal wounds {@q0}
 r - 3 potions of mutation
 s - 2 potions of curing {unknown}
 A - a potion of resistance
Books
 g - a book of Conjurations

   Spells                             Type                      Level
   a - Magic Dart                     Conjuration                  1
   b - Searing Ray                    Conjuration                  2
   c - Dazzling Spray                 Conjuration/Hexes            3
   d - Fulminant Prism                Conjuration/Hexes            4
   e - Force Lance                    Conjuration/Translocation    4
   f - Iskenderun's Mystic Blast      Conjuration                  4
Comestibles
 c - 4 bread rations
 h - 2 chunks of flesh
 j - a meat ration
 q - 2 royal jellies


   Skills:
 - Level 2.4 Dodging
 - Level 2.4 Stealth
 * Level 10.1 Spellcasting
 + Level 7.2 Conjurations


You had 16 spell levels left.
You knew the following spells:

 Your Spells              Type           Power        Failure   Level  Hunger
a - Magic Dart            Conj           ####         1%          1    None
b - Searing Ray           Conj           #####.       1%          2    None
c - Dazzling Spray        Conj/Hex       ####..       4%          3    None
d - Iskenderun's Mystic   Conj           #####...     3%          4    ##.....


Dungeon Overview and Level Annotations

Branches:
Dungeon (6/15)             Temple (0/1) D:4

Altars:
Dithmenos
Elyvilon
Gozag
Hepliaklqana
Vehumet
Xom

Shops:
D:6 !


Message History

The magic dart hits the orc warrior.
The orc warrior is almost dead.
Casting: Magic Dart
Confirm with . or Enter, or press ? or * to list all spells.
Aiming: Magic Dart
Press: ? - help, Shift-Dir - straight line, f/p - orc warrior
Aim: an orc warrior, wielding a war axe and wearing a chain mail (almost dead, lightly drained)
The magic dart hits the orc warrior.
The orc warrior is almost dead.
The orc warrior hits you with a war axe!
Casting: Magic Dart
Confirm with . or Enter, or press ? or * to list all spells.
Aiming: Magic Dart
Press: ? - help, Shift-Dir - straight line, f/p - orc warrior
Aim: an orc warrior, wielding a war axe and wearing a chain mail (almost dead, lightly drained)
The magic dart hits the orc warrior.
The orc warrior is almost dead.
The orc warrior hits you with a war axe!!
Ouch! That really hurt!
You die...

##..#.......####...#####
##...........#..###
##............##
#.............#
##............##
#..#.#.......##
##...∩......###
#...#.#....##
##......@o..#
#.......###.#
##########..# #.####
##....# #.....# ##..###
####


You could see an orc warrior.

Vanquished Creatures
  An ice beast (D:5)
  A necrophage (D:5)
  A scorpion (D:5)
  3 crimson imps
  A hound (D:6)
  2 bullfrog skeletons
  6 orc wizards
  Crazy Yiuf (D:2)
  Ijyb (D:4)
  An iguana (D:4)
  A worker ant (D:4)
  A worker ant zombie (D:5)
  9 adders
  4 gnolls (D:4)
  A shadow imp (D:5)
  2 oozes (D:3)
  An adder skeleton (D:5)
  A worm (D:4)
  A dart slug (D:1)
  4 leopard geckos
  11 orcs
  8 bats
  2 giant cockroaches
  4 goblins
  6 hobgoblins
  14 jackals
  8 kobolds
  3 quokkas
  3 ball pythons
  6 frilled lizards
  14 rats
  A fungus (D:2)
123 creatures vanquished.

Notes
Turn   | Place    | Note
-------+----------+-------------------------------------------
     0 | D:1      | dricusgp the Deep Elf Conjurer began the quest for the Orb.
     0 | D:1      | Reached XP level 1. HP: 10/10 MP: 6/6
   305 | D:1      | Reached XP level 2. HP: 15/15 MP: 3/8
   414 | D:1      | Reached skill level 4 in Spellcasting
   532 | D:1      | Learned a level 2 spell: Searing Ray
   723 | D:1      | Reached XP level 3. HP: 19/19 MP: 3/10
   822 | D:1      | Learned a level 3 spell: Dazzling Spray
  1517 | D:2      | Found a shadowy altar of Dithmenos.
  1541 | D:2      | Found an opulent altar of Gozag.
  1737 | D:2      | Reached skill level 5 in Spellcasting
  1755 | D:2      | Found a white marble altar of Elyvilon.
  1788 | D:2      | Reached skill level 5 in Conjurations
  1900 | D:2      | Found a hazy altar of Hepliaklqana.
  2047 | D:2      | Reached XP level 4. HP: 24/24 MP: 10/13
  2053 | D:2      | Learned a level 4 spell: Iskenderun's Mystic Blast
  2402 | D:2      | Found a runed door.
  2406 | D:2      | Noticed Crazy Yiuf
  2408 | D:2      | Killed Crazy Yiuf
  3071 | D:3      | Reached skill level 6 in Spellcasting
  3071 | D:3      | Reached XP level 5. HP: 28/28 MP: 9/15
  3199 | D:4      | Found a radiant altar of Vehumet.
  3517 | D:4      | Noticed Ijyb
  3524 | D:4      | Killed Ijyb
  3524 | D:4      | Reached skill level 7 in Spellcasting
  3653 | D:4      | Reached XP level 6. HP: 32/32 MP: 13/18
  3701 | D:4      | Found a shimmering altar of Xom.
  3967 | D:4      | Found a staircase to the Ecumenical Temple.
  4328 | D:4      | Reached skill level 8 in Spellcasting
  4540 | D:5      | Entered Level 5 of the Dungeon
  4728 | D:5      | Reached XP level 7. HP: 29/36 MP: 14/21
  4955 | D:5      | Reached skill level 9 in Spellcasting
  5761 | D:4      | Became a worshipper of Vehumet
  6070 | D:6      | Found Nirr's Distillery.
  6078 | D:6      | Bought a potion of resistance for 130 gold pieces
  6078 | D:6      | Bought 2 potions of heal wounds for 130 gold pieces
  6153 | D:6      | Reached skill level 10 in Spellcasting
  6177 | D:6      | HP: 1/36 [orc warrior/war axe (2)]
  6194 | D:6      | Mangled by an orc warrior

Vault maps used:
D:1:      dpeg_arrival_water_fire, serial_curves, eino_curves_01, eino_curves_04
D:2:      lemuel_crystal_altar, grunt_temple_overflow_open, old_standard_altar,
          uniq_crazy_yiuf_cottage
D:4:      nicolae_overflow_hidden_temple, lemuel_round_altar,
          minmay_temple_entry_overgrown, first_bread, uniq_ijyb
D:5:      kennysheep_generic_room_15
D:6:      nicolae_tso_swordbearing_angel, zin_statuary, serial_shops,
          nicolae_shop_window_shopping, nicolae_shop_crystal

Skill      XL: |  1  2  3  4  5  6  7 |
---------------+----------------------+-----
Spellcasting   | 4 5 6 7 8 10 | 10.1
Conjurations   | 5 6 7 |  7.2
Dodging        | |  2.4
Stealth        | |  2.4

Action                   |  1- 3 |  4- 6 |  7- 9 || total
-------------------------+-------+-------+-------++-------
Melee: Dagger            |       |    82 |     3 ||    85
 Fire: Hunting sling     |     3 |       |       ||     3
 Cast: Magic Dart        |    86 |   101 |    75 ||   262
       Iskenderun's Myst |       |     2 |     3 ||     5
       Searing Ray       |       |    12 |     5 ||    17
  Use: Scroll            |       |     9 |       ||     9
       Potion            |       |       |     1 ||     1
  Eat: Chunk             |     3 |     9 |     4 ||    16
Armor: Robe              |     1 |     6 |     3 ||    10
Dodge: Dodged            |     2 |    14 |     9 ||    25

Table legend:
 A = Spawn XP
 B = Non-spawn XP
 C = Spawn XP percentage of total XP
 D = Spawn monster count
 E = Non-spawn monster count
 F = Spawn count percentage of total count
 G = Total turns spent on level
                    A         B        C        D         E        F      G
               +---------+---------+-------+---------+---------+-------+---------
         Total |       0 |    1357 |   0.0 |       0 |     122 |   0.0 |  6194
               +---------+---------+-------+---------+---------+-------+---------
           D:1 |       0 |      53 |   0.0 |       0 |      33 |   0.0 |  1434
           D:2 |       0 |      92 |   0.0 |       0 |      21 |   0.0 |  1080
           D:3 |       0 |      52 |   0.0 |       0 |      17 |   0.0 |   685
           D:4 |       0 |     394 |   0.0 |       0 |      24 |   0.0 |  1366
           D:5 |       0 |     466 |   0.0 |       0 |      13 |   0.0 |  1249
           D:6 |       0 |     300 |   0.0 |       0 |      14 |   0.0 |   380
               +---------+---------+-------+---------+---------+-------+---------
